 Dungeon Crawl Stone Soup version 0.22-a0-410-g97be04f (webtiles) character file.

165 4thArraOfDagon the Chopper (level 5, -9/49 HPs)
             Began as a Deep Dwarf Berserker on May 11, 2018.
             Was a Follower of Trog.
             Mangled by an ogre
             ... wielding a cursed -2 giant club
              (14 damage)
             ... on level 4 of the Dungeon.
             The game lasted 00:01:57 (336 turns).

4thArraOfDagon the Chopper (Deep Dwarf Berserker)    Turns: 336, Time: 00:01:58

Health: -9/49      AC:  5    Str: 19 (21) XL:     5   Next: 22%
Magic:  5/5        EV: 12    Int:  5 (8)  God:    Trog [*.....]
Gold:   95         SH:  0    Dex: 10 (12) Spells: 4/4 levels left

rFire    . . .     SeeInvis .   a - +0 hand axe
rCold    . . .     Gourm    .   (no shield)
rNeg     . . .     Faith    .   e - +0 ring mail
rPois    .         Spirit   .   (no helmet)
rElec    .         Reflect  .   (no cloak)
rCorr    .         Harm     .   (no gloves)
MR       .....                  (no boots)
Stlth    ..........             (no amulet)
HPRegen  0.00/turn              g - ring of loudness (curse)
MPRegen  0.09/turn              (no ring)

@: berserk cooldown, non-regenerating, slowed, very slow
A: damage resistance, heal wounds, sense surroundings 1, no regeneration
a: Heal Wounds, Berserk, Renounce Religion


You were on level 4 of the Dungeon.
You worshipped Trog.
Trog was aware of your devotion.
You were very hungry.

You visited 1 branch of the dungeon, and saw 4 of its levels.

You collected 95 gold pieces.

Inventory:

Hand Weapons
 a - a +0 hand axe (weapon)
Armour
 b - a +0 animal skin
 e - a +0 ring mail (worn)
Jewellery
 g - a cursed ring of loudness (left hand)
Scrolls
 d - a scroll of enchant armour {unknown}
 f - 4 scrolls of remove curse {unknown}
 i - 3 scrolls of identify {unknown}
Comestibles
 c - 2 rations


   Skills:
 + Level 3.3 Fighting
 * Level 4.9 Axes
 + Level 3.3 Armour
 + Level 3.2 Dodging


You had 4 spell levels left.
You didn't know any spells.

Dungeon Overview and Level Annotations

Branches:
Dungeon (4/15)             Temple (0/1) D:4

Altars:

Shops:
D:4 (


Innate Abilities, Weirdness & Mutations

You are resistant to damage.
You can heal yourself by infusing magical energy.
You passively map a small area around you.
You do not regenerate.


Message History

The ogre hits you with a giant club!
* * * LOW HITPOINT WARNING * * *
Unknown command.
You barely miss the ogre.
The ogre is severely wounded.
Unknown command.
You hit the ogre.
The ogre is almost dead.
The ogre closely misses you.
Unknown command.
You hit the ogre.
The ogre is almost dead.
You are no longer berserk.
You are exhausted.
You feel yourself slow down.
Unknown command.
You barely miss the ogre.
The ogre is almost dead.
The ogre hits you with a giant club!
You die...

###...##.# #####
##.###.#
....#######.###.###
###........O....>.#
####.####.###.#.# *
#.# #...##.#.# ,
,..# #.#.##?#.#
##.# .$#...O#.#
#...## ##..@.# #O..
#....#.# #..**
#.#..#.# #..# ..
#..#.# # *#....# *
#....# .....# , *
... .# , , ,


You could see an ogre.

Vanquished Creatures
  An ice beast (D:4)
  2 hounds (D:4)
  An adder (D:3)
  A leopard gecko (D:1)
  An orc (D:4)
  2 hobgoblins
  2 kobolds (D:2)
  A quokka (D:3)
  A ball python (D:1)
  2 bats (D:1)
  A frilled lizard (D:4)
  A rat (D:2)
16 creatures vanquished.

Vanquished Creatures (others)
  A quokka (D:2)
1 creature vanquished.

Grand Total: 17 creatures vanquished

Notes
Turn   | Place    | Note
-------+----------+-------------------------------------------
     0 | D:1      | 4thArraOfDagon the Deep Dwarf Berserker began the quest for the Orb.
     0 | D:1      | Reached XP level 1. HP: 20/20 MP: 1/1
   126 | D:3      | Reached XP level 2. HP: 27/27 MP: 2/2
   211 | D:3      | p0werm0de: https://www.youtube.com/watch?v=fxz04H2xS3c
   228 | D:4      | Found Rituas's Weapon Boutique.
   229 | D:4      | Noticed an ice beast
   232 | D:4      | p0werm0de: !blame beem
   232 | D:4      | XtahuaRules: I pronounce beem... Guilty!
   239 | D:4      | Killed an ice beast
   239 | D:4      | Reached skill level 4 in Axes
   239 | D:4      | Reached XP level 3. HP: 6/34 MP: 3/3
   239 | D:4      | Reached XP level 4. HP: 7/42 MP: 4/4
   280 | D:4      | Reached XP level 5. HP: 15/49 MP: 5/5
   293 | D:4      | Found a staircase to the Ecumenical Temple.
   307 | D:4      | Noticed an ogre
   336 | D:4      | Mangled by an ogre

Vault maps used:
D:1:      dpeg_arrival_lava_temple_mockup, minivault_11
D:2:      nicolae_overflow_crystal_walls, elyvilon_altar_4,
          nicolae_overflow_hidden_temple, uniq_sigmund, uniq_robin, uniq_jessica
D:3:      lemuel_crystal_altar, chequers_ecumenical_altar_twisty
D:4:      vehumet_crystals, minmay_temple_entry_overgrown, serial_shops,
          nicolae_shop_stone, fountainhead, okawaru_metal_pillars_1_2

Skill      XL: |  1  2 |
---------------+-------+-----
Fighting       | 3 |  3.3
Axes           | 4 |  4.9
Armour         | 3 |  3.3
Dodging        | 3 |  3.2

Action                   |  1- 3 |  4- 6 || total
-------------------------+-------+-------++-------
Melee: Hand axe          |    41 |    18 ||    59
Invok: Berserk           |     2 |     1 ||     3
  Use: Potion            |       |     2 ||     2
Armor: Ring mail         |    20 |     3 ||    23
Dodge: Dodged            |    32 |     8 ||    40

Table legend:
 A = Spawn XP
 B = Non-spawn XP
 C = Spawn XP percentage of total XP
 D = Spawn monster count
 E = Non-spawn monster count
 F = Spawn count percentage of total count
 G = Total turns spent on level
                    A         B        C        D         E        F      G
               +---------+---------+-------+---------+---------+-------+---------
         Total |       0 |     237 |   0.0 |       0 |      16 |   0.0 |   336
               +---------+---------+-------+---------+---------+-------+---------
           D:1 |       0 |       9 |   0.0 |       0 |       5 |   0.0 |   105
           D:2 |       0 |       7 |   0.0 |       0 |       4 |   0.0 |    41
           D:3 |       0 |      15 |   0.0 |       0 |       2 |   0.0 |    81
           D:4 |       0 |     206 |   0.0 |       0 |       5 |   0.0 |   109
               +---------+---------+-------+---------+---------+-------+---------
